 Dungeon Crawl Stone Soup version 0.28.0-53-g5a82cb258f (webtiles) character file.

Game seed: 9870604581153697632

20589 Sanktem7 the Severer (level 12, -6/124 HPs)
             Began as a Minotaur Berserker on June 29, 2022.
             Was a High Priest of Trog.
             Mangled by a two-headed ogre
             ... wielding a +0 giant club
              (12 damage)
             ... while paralysed by an ogre mage
             ... on level 2 of the Orcish Mines.
             The game lasted 00:35:58 (15088 turns).

Sanktem7 the Severer (Minotaur Berserker)          Turns: 15088, Time: 00:35:58

Health: -6/124     AC: 19    Str: 26    XL:     12   Next: 46%
Magic:  11/11      EV:  2    Int:  4    God:    Trog [*****.]
Gold:   1236       SH:  0    Dex: 11    Spells: 11/11 levels left

rFire   + + .      SeeInvis .   f - +6 battleaxe (flame) {axe}
rCold   + + .      Faith    .   (shield currently unavailable)
rNeg    . . .      Spirit   .   E - +7 Kryia's mail coat {PotionHeal*2 rC+}
rPois   +          Reflect  .   (helmet restricted)
rElec   .          Harm     .   I - scarf {rC+ rF+}
rCorr   .          Rampage  .   p - +2 pair of gloves
Will    .....                   D - +2 pair of boots
Stlth   ..........              (no amulet)
HPRegen 0.30/turn               m - ring of poison resistance
MPRegen 0.12/turn               o - ring of protection from fire

@: paralysed
A: horns 2, retaliatory headbutt
a: Renounce Religion, Berserk, Trog's Hand, Brothers in Arms


You were on level 2 of the Orcish Mines.
You worshipped Trog.
Trog was extremely pleased with you.
You visited 2 branches of the dungeon, and saw 11 of its levels.
You also visited: Sewer and Ossuary.

You collected 1335 gold pieces.
You spent 99 gold pieces at shops.


Innate Abilities, Weirdness & Mutations

You have a pair of horns on your head.
You reflexively headbutt those who attack you in melee.


   Skills:
 * Level 16.7 Fighting
 * Level 16.7 Axes
 + Level 7.0 Throwing
 - Level 2.4 Armour
 - Level 2.1 Dodging


You had 11 spell levels left.
You didn't know any spells.
Your spell library contained the following spells:

 Spells                   Type           Power      Damage    Failure   Level
 Scorch                   Fire           0%         2d5       89%         2
 Flame Wave               Conj/Fire      0%         2d4       100%        4
 Summon Cactus Giant      Summ           0%         N/A       100%        6

Inventory:

Hand Weapons
 c - a +2 battleaxe of flaming {axe}
   (Trog gifted it to you on level 2 of the Orcish Mines)
 e - a +4 flail {mace}
   (You took it off a wight on level 7 of the Dungeon)
 f - a +6 battleaxe of flaming (weapon) {axe}
   (Trog gifted it to you on level 7 of the Dungeon)
Missiles
 a - 7 boomerangs {throwing}
 g - 2 curare-tipped darts {=fthrowing}
 q - 6 datura-tipped darts {throwing}
 r - a throwing net {=f!fthrowing}
 t - 22 poisoned darts (quivered) {throwing}
Armour
 p - a +2 pair of gloves (worn)
   (You found it on level 7 of the Dungeon)
 D - a +2 pair of boots (worn)
   (You found it on level 9 of the Dungeon)
 E - the +7 Kryia's mail coat (worn) {PotionHeal*2 rC+}
   (You found it on level 8 of the Dungeon)

   Potions are twice as effective at healing its wearer.
   rC:        It protects you from cold.
 I - a scarf of resistance (worn)
   (You found it on level 9 of the Dungeon)
Jewellery
 m - a ring of poison resistance (left hand)
   (You found it on level 2 of the Dungeon)
 o - a ring of protection from fire (right hand)
   (You found it on level 4 of the Dungeon)
Scrolls
 b - 3 scrolls of fear
 d - a scroll of holy word
 h - a scroll of vulnerability {!r!r}
 j - 3 scrolls of fog
 k - 6 scrolls of identify {@r1}
 v - 3 scrolls of magic mapping {!r}
 w - 4 scrolls of immolation {!r!r}
 x - 3 scrolls of teleportation {@r4}
 y - 2 scrolls of torment {!r}
 z - a scroll of summoning
Potions
 i - 6 potions of might
 l - 3 potions of haste {@q3}
 n - 5 potions of heal wounds {@q2}
 s - 2 potions of magic
 u - 3 potions of attraction {!q}
 A - 4 potions of curing {@q1}
 B - a potion of berserk rage {!q}
 C - a potion of brilliance
 H - a potion of resistance {unknown}
Miscellaneous
 F - a piece from Xom's chessboard (15/15)
   (You found it on level 9 of the Dungeon)

Dungeon Overview and Level Annotations

Branches:
Dungeon (9/15)             Temple (0/1) D:4            Lair (0/6) D:8
    Orc (2/2) D:9             Elf (0/3) Orc:2         Sewer (visited)
Ossuary (visited)

Altars:
Elyvilon
Hepliaklqana
Kikubaaqudgha
Okawaru
Ru
Sif Muna
Vehumet
Wu Jian
Xom
The Shining One
Beogh

Shops:
D:1 =   D:4 [   D:5 (:!   D:7 (   D:9 * Orc:1

[ ......##...# ##..........
. .......##..## #...........
. #.......#...###...^.......
. ............##.....#......
.
............##.............
.
.........#...#..............
.
....#............)..........
.
.).#.#.............)........
.
.####...........@o.o........
. .##
##.#........OOo...oT.... .
..## ####.##.###.OO.........
. ...## #######....)......O.
. ....## ##............ .
.....## ##...........
......# #...###.O###.
......### #..## ...#
........## #..# ...#


You could see an orc warlord, 3 two-headed ogres, an ogre mage, a troll, an orc
warrior (strong), an ogre (fast), an orc priest (strong) and an orc (strong).


Message History

Things that are here:
a +0 dagger {short}; a +0 robe You now have 1182 gold pieces (gained 9).
Things that are here:
a +0 dagger {short}; a +0 robe; an orc corpse
Items here: ))) †.
You now have 1196 gold pieces (gained 14).
Items here: )))) [[ ÷ †.
Things that are here:
a +0 trident {polearm}; a +0 chain mail; an orc corpse
Things that are here:
a +0 club {mace}; a +0 ring mail; an orc corpse
There is a stone staircase leading up, spattered with blood here.
a - 7 boomerangs {throwing} (gained 1)
You now have 1222 gold pieces (gained 26).
Items here: )) [[ †.
You now have 1236 gold pieces (gained 14).
You see here a +1 flail of protection {mace}.
Items here: )) [[ †.
Key pressed, stopping explore.
Key pressed, stopping explore.
Key pressed, stopping explore.
An ogre mage comes into view. It is wielding a +0 flail.
The ogre mage shouts!
You hit the ogre mage. You burn the ogre mage.
You headbutt the ogre mage, but do no damage.
The ogre mage hits you but does no damage.
You closely miss the ogre mage. You headbutt the ogre mage!
The ogre mage mumbles some strange words.
The ogre mage flickers and vanishes!
Deactivating autopickup; reactivate with Ctrl-A.
You slice something!! You burn something! Trog accepts your kill.
Trog appreciates your killing of a magic user.
Reactivating autopickup.
You feel a bit more experienced.
Things that are here:
a +0 flail {mace}; a +0 robe A two-headed ogre comes into view.
It is wielding a +0 giant club and a +0 giant spiked club.
The two-headed ogre shouts in stereo!
A two-headed ogre is nearby!
An ogre comes into view. It is wielding a +0 giant club.
The ogre shouts!
You hear a shout! x3
A two-headed ogre comes into view. It is wielding two +0 giant clubs.
The two-headed ogre shouts in stereo!
You hear a shout! x3
You hear two shouts!
The two-headed ogre barely misses you. You furiously retaliate!
You headbutt the two-headed ogre. The two-headed ogre barely misses you.
You barely miss the two-headed ogre.
An ogre mage comes into view. It is wielding a +0 whip.
The two-headed ogre hits you with a +0 giant club.
The two-headed ogre completely misses you. 😕 HP[-6]
You take 6 damage, and now have 118/124 hp.
You dice the two-headed ogre like an onion!!!
You burn the two-headed ogre! You headbutt the two-headed ogre.
You kill the two-headed ogre!
Trog accepts your kill.
You hear a shout! x2
An orc priest comes into view. It is wielding a +0 club.
Your Throwing skill increases to level 7!
You slice the ogre!! You burn the ogre!
You kill the ogre!
Trog accepts your kill. 😕 HP[+1]
Items here: ))) †.
The orc warlord shouts!
The orc shouts!
You hear a shout!
You hear two shouts!
The ogre mage points at you and mumbles some strange words.
The bolt of magma hits you! You partially resist.
An ogre comes into view. It is wielding a +0 giant club. x2
The two-headed ogre hits you with a +0 giant club! x2
The ogre shouts! 😮 HP[-34]
You take 34 damage, and now have 85/124 hp.
MASSIVE DAMAGE!! (PAUSE)
You hear a howl!
You hear two shouts!
The orc warlord roars a battlecry!
The orcs go into a battle-frenzy!
Items here: ))) †. 😮 HP[+1]
A two-headed ogre comes into view.
It is wielding a +0 giant spiked club and a +0 dire flail.
The ogre mage gestures at the ogre while chanting.
The ogre seems to speed up.
The ogre mage casts a spell at you.
You suddenly lose the ability to move!
The orc priest calls down the wrath of Beogh upon you.
Beogh smites you!
The two-headed ogre hits you but does no damage. x2
The orc warrior hits you from afar with a +0 glaive!
* * * LOW HITPOINT WARNING * * *
The two-headed ogre hits you with a +0 giant club!!
* * * LOW HITPOINT WARNING * * *
The two-headed ogre completely misses you.
The orc warrior hits you from afar with a +0 glaive!!
* * * LOW HITPOINT WARNING * * *
The orc priest barely misses you. The ogre hits you with a +0 giant club!
* * * LOW HITPOINT WARNING * * *
A two-headed ogre comes into view.
It is wielding two +0 giant spiked clubs.
The two-headed ogre hits you with a +0 giant club!
You die...

Skill      XL: |  1  2  3  4  5  6  7  8  9 10 11 12 |
---------------+-------------------------------------+-----
Fighting       | 4 5 6 7 8 10 12 14 15 16 | 16.7
Axes           | 4 5 6 7 8 10 12 14 15 16 | 16.7
Throwing       | 1 4 6 7 |  7.0
Armour         | |  2.4
Dodging        | |  2.1

Action                   |  1- 3 |  4- 6 |  7- 9 | 10-12 || total
-------------------------+-------+-------+-------+-------++-------
Melee: Hand axe          |    89 |   130 |   416 |       ||   635
       Headbutt          |    11 |    21 |    82 |    46 ||   160
       Punch             |       |     1 |     7 |       ||     8
       Battleaxe         |       |       |     5 |   288 ||   293
  Use: Scroll            |       |     9 |     4 |     5 ||    18
       Potion            |       |       |     7 |     3 ||    10
Armor: Scale mail        |    37 |    14 |       |   128 ||   179
       Plate armour      |       |   113 |   215 |    49 ||   377
Dodge: Dodged            |    57 |    57 |   123 |   148 ||   385

Levels and vault maps discovered:
D:1:      shiori_arrival_whats_in_store_for_you, layout_loops_corners,
          serial_shops, shop_statue
D:2:      layout_loops_corners, basic_altar
D:3:      layout_basic, okawaru_metal_pillars_1_2,
          regret_index_temple_of_mockery, basic_ecumenical_altar
D:4:      layout_loops_ring, lemuel_crystal_altar, nzn_wu_jian_council_hall,
          mainiacjoe_overflow_paths, temple_fountains, serial_shops,
          nicolae_shop_waterfront, nicolae_ossuary_entry_ruins,
          uniq_blork_the_orc
D:5:      layout_basic, gup_sewer_entry_bowl, grunt_ministairs_6,
          nicolae_wooded_promenade, uniq_edmund, uniq_eustachio
D:6:      layout_basic, grunt_ministairs_13, uniq_duvessa
D:7:      layout_basic, nicolae_vehumet_altar_sigil, serial_shops, shop,
          minivault_4, minmay_joined_circles, uniq_harold
D:8:      layout_loops_ring, david_lair_generic
D:9:      minmay_bloctagon, layout_long_grid, mainiacjoe_overflow_24_doors,
          nicolae_overflow_hidden_temple, minmay_orc_entry_guard_dogs,
          serial_ice, serial_ice_e, serial_ice_g, serial_ice_k, serial_ice_m,
          serial_ice_b, serial_ice_h, serial_ice_n, nicolae_shop_gadgets
Orc:1:    layout_caves, serial_shops, shop, basic_altar
Orc:2:    st_orc_ogre_mass, layout_diamond_mine

Notes
Turn   | Place    | Note
-------+----------+-------------------------------------------
     0 | D:1      | Sanktem7 the Minotaur Berserker began the quest for the
                  | Orb.
     0 | D:1      | Reached XP level 1. HP: 19/19 MP: 0/0
     0 | D:1      | magus.rc [v1.9.6]
   248 | D:1      | Reached skill level 4 in Fighting
   248 | D:1      | Reached skill level 4 in Axes
   248 | D:1      | Reached XP level 2. HP: 25/27 MP: 1/1
   344 | D:1      | Found Vopnaere's Jewellery Shoppe.
   766 | D:1      | Reached XP level 3. HP: 33/34 MP: 2/2
   905 | D:2      | Found a sacrificial altar of Ru.
  1314 | D:2      | Reached XP level 4. HP: 24/41 MP: 3/3
  1501 | D:2      | Reached skill level 5 in Fighting
  1501 | D:2      | Reached skill level 5 in Axes
  1605 | D:2      | Reached ** piety under Trog
  2129 | D:3      | Found an iron altar of Okawaru.
  2830 | D:3      | Reached XP level 5. HP: 49/49 MP: 4/4
  2861 | D:3      | Found a shimmering altar of Xom.
  2862 | D:3      | Found a hazy altar of Hepliaklqana.
  2863 | D:3      | Noticed a spectral ugly thing
  2881 | D:3      | Found a faded altar of an unknown god.
  2996 | D:4      | Found Egagepn's Antique Armour Emporium.
  3188 | D:4      | Noticed Blork the orc
  3195 | D:4      | Killed Blork the orc
  3196 | D:4      | Reached skill level 6 in Fighting
  3196 | D:4      | Reached skill level 6 in Axes
  3370 | D:4      | Noticed an ogre
  3380 | D:4      | Killed an ogre
  3381 | D:4      | Reached XP level 6. HP: 56/58 MP: 5/5
  3426 | D:4      | Found a white marble altar of Elyvilon.
  3605 | D:4      | Found a sand-covered staircase.
  3616 | Ossuary  | Entered an ossuary
  3631 | Ossuary  | Reached *** piety under Trog
  3632 | Ossuary  | Reached skill level 7 in Fighting
  3632 | Ossuary  | Reached skill level 7 in Axes
  3647 | Ossuary  | Reached XP level 7. HP: 21/66 MP: 6/6
  3658 | Ossuary  | HP: 11/66 [human zombie (6)]
  4273 | D:4      | Found an ornate altar of the Wu Jian Council.
  4335 | D:4      | Found a staircase to the Ecumenical Temple.
  4340 | D:4      | Reached skill level 8 in Fighting
  4340 | D:4      | Reached skill level 8 in Axes
  4392 | D:4      | Found an ancient bone altar of Kikubaaqudgha.
  4817 | D:5      | Entered Level 5 of the Dungeon
  4825 | D:5      | Reached XP level 8. HP: 57/75 MP: 7/7
  4997 | D:5      | Reached skill level 9 in Fighting
  4997 | D:5      | Reached skill level 9 in Axes
  5072 | D:5      | Found a glowing drain.
  5077 | Sewer    | Entered a sewer
  5230 | Sewer    | Reached **** piety under Trog
  6336 | D:5      | Noticed Edmund
  6364 | D:5      | Killed Edmund
  6364 | D:5      | Reached ***** piety under Trog
  6365 | D:5      | Reached skill level 10 in Fighting
  6365 | D:5      | Reached skill level 10 in Axes
  6641 | D:5      | Found Asefod's Weapon Shop.
  6642 | D:5      | Found Ziar's Distillery.
  6644 | D:5      | Found Coehanku's Book Shoppe.
  6767 | D:5      | Bought a potion of curing for 33 gold pieces
  6767 | D:5      | Bought a potion of curing for 33 gold pieces
  6767 | D:5      | Bought a potion of curing for 33 gold pieces
  7137 | D:5      | Reached XP level 9. HP: 54/86 MP: 8/8
  7306 | D:5      | Noticed Eustachio
  7320 | D:5      | Killed Eustachio
  7533 | D:6      | Reached skill level 11 in Fighting
  7533 | D:6      | Reached skill level 11 in Axes
  7619 | D:6      | Noticed Duvessa
  7619 | D:6      | Noticed Dowan
  7626 | D:6      | Killed Duvessa
  7629 | D:6      | Killed Dowan
  7765 | D:6      | HP: 21/89 [orc warrior/+0 trident (3)]
  7770 | D:6      | HP: 15/89 [orc warrior/+0 trident (6)]
  7773 | D:6      | HP: 4/89 [orc warrior/+0 trident (4)]
  7776 | D:6      | HP: 1/89 [orc warrior/+0 trident (4)]
  8316 | D:6      | Reached skill level 12 in Fighting
  8316 | D:6      | Reached skill level 12 in Axes
  8839 | D:7      | Found Man Obeck's Weapon Emporium.
  8866 | D:7      | Received a gift from Trog
  8870 | D:7      | Reached skill level 1 in Throwing
  9265 | D:7      | Reached XP level 10. HP: 91/94 MP: 9/9
  9522 | D:7      | Reached skill level 2 in Throwing
  9588 | D:7      | Found a radiant altar of Vehumet.
  9588 | D:7      | Noticed a two-headed ogre
  9593 | D:7      | Killed a two-headed ogre
  9594 | D:7      | Reached skill level 13 in Fighting
  9594 | D:7      | Reached skill level 13 in Axes
  9689 | D:7      | Noticed Harold
  9699 | D:7      | Killed Harold
  9700 | D:7      | Reached skill level 3 in Throwing
 10227 | D:8      | Noticed an elephant
 10228 | D:8      | Found the +7 Kryia's mail coat {PotionHeal*2 rC+}
 10229 | D:8      | Found a staircase to the Lair.
 10237 | D:8      | Killed an elephant
 10238 | D:8      | Reached skill level 14 in Axes
 10238 | D:8      | Reached skill level 4 in Throwing
 10240 | D:8      | Reached skill level 14 in Fighting
 10431 | D:8      | Reached XP level 11. HP: 96/110 MP: 10/10
 10776 | D:8      | Noticed a two-headed ogre
 10781 | D:8      | Killed a two-headed ogre
 11090 | D:9      | Found a shimmering blue altar of Sif Muna.
 11202 | D:9      | Found Foafihitz's Gadget Gallery.
 11626 | D:9      | Noticed a six-headed hydra
 11637 | D:9      | Killed a three-headed hydra
 11645 | D:9      | HP: 27/111 [gnoll sergeant/+0 spear (6)]
 11654 | D:9      | Reached skill level 5 in Throwing
 11655 | D:9      | HP: 26/111 [water moccasin (1)]
 11664 | D:9      | HP: 12/111 [troll (3)]
 11666 | D:9      | Reached skill level 15 in Fighting
 11666 | D:9      | Reached skill level 15 in Axes
 12040 | D:9      | You pick up a book of Scorching {forbidden} and begin
                  | reading...
 12040 | D:9      | You add the spells Scorch, Flame Wave and Summon Cactus
                  | Giant to your library.
 12089 | D:9      | Found a staircase to the Orcish Mines.
 12148 | D:9      | Found a glowing golden altar of the Shining One.
 12745 | Orc:1    | Entered Level 1 of the Orcish Mines
 13183 | Orc:1    | Noticed an orc knight
 13253 | Orc:1    | Killed an orc knight
 13358 | Orc:1    | Noticed a two-headed ogre
 13363 | Orc:1    | Killed a two-headed ogre
 13364 | Orc:1    | Reached skill level 6 in Throwing
 13540 | Orc:1    | You fall into a shaft and drop 1 floor!
 13540 | Orc:2    | Entered Level 2 of the Orcish Mines
 13540 | Orc:2    | Noticed an orc warlord
 13544 | Orc:2    | Found a staircase to the Elven Halls.
 13550 | Orc:2    | Noticed an orc knight
 13684 | Orc:2    | Noticed an orc sorcerer
 13695 | Orc:2    | Noticed a soul eater
 13697 | Orc:2    | Killed an orc sorcerer
 13697 | Orc:2    | Received a gift from Trog
 13698 | Orc:2    | Reached XP level 12. HP: 112/122 MP: 11/11
 14107 | Orc:1    | Found Recwyi's Antique Armour Shop.
 14335 | Orc:2    | Noticed an orc warlord
 14373 | Orc:2    | Reached skill level 16 in Fighting
 14373 | Orc:2    | Reached skill level 16 in Axes
 14627 | Orc:2    | Noticed a two-headed ogre
 14636 | Orc:1    | HP: 26/122 [orc warlord/+2 dire flail of venom (26)]
 14638 | Orc:1    | HP: 9/122 [orc warlord/+2 dire flail of venom (24)]
 14641 | Orc:1    | Killed an orc warlord
 14864 | Orc:2    | Paralysed by an orc sorcerer for 3 turns
 14873 | Orc:2    | Killed a two-headed ogre
 15048 | Orc:2    | Noticed an ogre mage
 15054 | Orc:2    | Killed an ogre mage
 15073 | Orc:2    | Noticed a two-headed ogre
 15075 | Orc:2    | Noticed a two-headed ogre
 15077 | Orc:2    | Noticed an ogre mage
 15078 | Orc:2    | Killed a two-headed ogre
 15079 | Orc:2    | Reached skill level 7 in Throwing
 15083 | Orc:2    | Noticed a two-headed ogre
 15085 | Orc:2    | Paralysed by an ogre mage for 6 turns
 15087 | Orc:2    | HP: 19/124 [orc warrior/+0 glaive[an orc warlord] (18)]
 15088 | Orc:2    | HP: 6/124 [ogre/+0 giant club (13)]
 15088 | Orc:2    | Noticed a two-headed ogre
 15088 | Orc:2    | Mangled by a two-headed ogre

Vanquished Creatures
  An orc warlord (Orc:1)
  Harold (D:7)
  A hydra (D:9)
  An ogre mage (Orc:2)
  5 two-headed ogres
  An orc knight (Orc:1)
  3 orc sorcerers (Orc:2)
  A cyclops (D:9)
  An elephant (D:8)
  A kobold demonologist (D:9)
  A polar bear (D:9)
  6 trolls
  2 wyverns (D:8)
  A wraith (D:9)
  7 yaks
  A steam dragon (D:7)
  Eustachio (D:5)
  A vampire mosquito (D:9)
  A basilisk (D:8)
  8 wargs
  Edmund (D:5)
  Duvessa (D:6)
  5 water moccasins
  An acid dragon (D:9)
  16 orc warriors
  4 black bears
  6 ice beasts
  3 sky beasts
  2 necrophages
  11 ogres
  A wolf (D:9)
  4 centaurs
  A phantom (D:5)
  Blork the orc (D:4)
  3 elf zombies (Ossuary)
  4 kobold brigands
  2 wyvern zombies
  A gnoll sergeant (D:9)
  A wyvern skeleton (D:4)
  Dowan (D:6)
  4 killer bees
  A water moccasin skeleton (D:4)
  6 wights (D:7)
  An electric eel (D:9)
  A howler monkey (D:9)
  2 centaur zombies
  A hound (D:5)
  A centaur skeleton (D:7)
  7 orc priests
  2 bullfrog skeletons
  A gnoll shaman (D:6)
  A human zombie (Ossuary)
  A jelly (D:7)
  4 iguanas
  12 orc wizards
  A centaur simulacrum (D:9)
  3 hound zombies (Ossuary)
  2 hound skeletons (D:5)
  4 mummies (Ossuary)
  3 howler monkey skeletons
  A howler monkey zombie (D:9)
  7 adders
  10 gnolls
  8 river rats (Sewer)
  A shadow imp (D:7)
  2 howler monkey simulacra (D:9)
  2 white imps (D:9)
  4 ufetubi
  An adder zombie (Ossuary)
  An adder skeleton (D:5)
  A worm (D:2)
  5 dart slugs
  41 orcs
  16 ball pythons
  8 endoplasms
  7 giant cockroaches
  5 goblins
  7 hobgoblins
  5 jackals
  31 kobolds
  4 quokkas
  5 bats
  7 frilled lizards
  A hobgoblin zombie (Ossuary)
  2 jackal zombies (Ossuary)
  24 rats
  A rat zombie (Ossuary)
379 creatures vanquished.

Vanquished Creatures (others)
  A fungus (D:8)
1 creature vanquished.

Grand Total: 380 creatures vanquished

Table legend:
 A = Non-vault XP
 B = Vault XP
 C = Vault XP percentage of total XP
 D = Non-vault monster count
 E = Vault monster count
 F = Vault count percentage of total count
                 A         B        C        D         E       F
            +---------+---------+-------+---------+---------+-------
      Total |   16855 |   12559 |  42.7 |     242 |     137 |  36.1
            +---------+---------+-------+---------+---------+-------
        D:1 |      47 |       0 |   0.0 |      27 |       0 |   0.0
        D:2 |      71 |       0 |   0.0 |      19 |       0 |   0.0
        D:3 |     107 |       0 |   0.0 |      22 |       0 |   0.0
        D:4 |     403 |      96 |  19.2 |      27 |       1 |   3.6
        D:5 |    1160 |     367 |  24.0 |      19 |       8 |  29.6
        D:6 |    1274 |     398 |  23.8 |      19 |       4 |  17.4
        D:7 |    2700 |    1639 |  37.8 |      29 |      12 |  29.3
        D:8 |    2055 |    1004 |  32.8 |      17 |       4 |  19.0
        D:9 |     409 |    5142 |  92.6 |       8 |      32 |  80.0
      Orc:1 |    4463 |     130 |   2.8 |      21 |       1 |   4.5
      Orc:2 |    4166 |    2945 |  41.4 |      34 |       7 |  17.1
      Sewer |       0 |     360 | 100.0 |       0 |      52 | 100.0
    Ossuary |       0 |     478 | 100.0 |       0 |      16 | 100.0
            +---------+---------+-------+---------+---------+-------

Illustrated notes

Table legend:
 A = Kills in this place as a percentage of kills in entire the game.
 B = Kills by you in this place as a percentage of kills by you in the entire game.
 C = Kills by friends in this place as a percentage of kills by friends in the entire game.
 D = Other kills in this place as a percentage of other kills in the entire game.
 E = Experience gained in this place as a percentage of experience gained in the entire game.
 F = Experience gained in this place divided by the number of levels of this place that you have seen.
                   A       B       C       D       E      F
               +-------+-------+-------+-------+-------+----------------------
         Total | 100.0 | 100.0 |   N/A |   N/A | 100.0 | 2262.6
       Dungeon |  65.4 |  65.4 |   N/A |   N/A |  57.4 | 1874.7
  Orcish Mines |  16.6 |  16.6 |   N/A |   N/A |  39.8 | 5852.0
         Sewer |  13.7 |  13.7 |   N/A |   N/A |   1.2 | 360.0
       Ossuary |   4.2 |   4.2 |   N/A |   N/A |   1.6 | 478.0
               +-------+-------+-------+-------+-------+----------------------

Table legend: (Time is in decaauts)
 A = Elapsed time spent in this place.
 B = Non-inter-level travel time spent in this place.
 C = Inter-level travel time spent in this place.
 D = Time resting spent in this place.
 E = Time spent auto-exploring this place.
 F = Levels seen in this place.
 G = Mean time per level.
                   A        B        C        D        E       F      G
               +--------+--------+--------+--------+--------+-----+--------+
         Total |  15016 |  14755 |    261 |   3738 |   7829 |  13 | 1155.1 |
       Dungeon |  11251 |  11002 |    249 |   2177 |   6643 |   9 | 1250.1 |
  Orcish Mines |   2335 |   2323 |     12 |   1142 |    542 |   2 | 1167.5 |
         Sewer |    956 |    956 |      0 |    157 |    580 |   1 |  956.0 |
       Ossuary |    474 |    474 |      0 |    262 |     64 |   1 |  474.0 |
               +--------+--------+--------+--------+--------+-----+--------+

Top non-repeatable levels by time:
     D:5: 1727 daAuts
     D:9: 1711 daAuts
   Orc:1: 1431 daAuts
     D:7: 1378 daAuts
     D:4: 1327 daAuts
     D:2: 1221 daAuts
     D:6: 1186 daAuts
   Sewer: 956 daAuts
     D:8: 914 daAuts
     D:1: 909 daAuts
   Orc:2: 903 daAuts
     D:3: 874 daAuts
 Ossuary: 474 daAuts
